cohdb
Replays
Latest Replays
All Replays
Popular Replays
Top Player Replays
Match Explorer
How It Works
Community
CoH3 Stats
Reddit
Sign in to upload your games and track your stats! →
Sign in with Steam
Match 41144015
Unlisted
Match 41144015
Overview
Messages
Build Orders
End
Construct Barracks
Riflemen Squad
Riflemen Squad
Riflemen Squad
M1 Mortar Team
Grenade Package
Construct Medical Station
Riflemen Squad
Air Support Center
Selects Airborne Battlegroup
Selects Smoke Bombing Run
Smoke Bombing Run
Selects Heavy Machine Gun Paradrop
Bossolo
BidelloSonico
Mo-J
Wheeler
0
0
Comments
sign in to comment!
No comments posted yet!